 Dungeon Crawl Stone Soup version 0.29-a0-838-g385bb11a5b (webtiles) character file.

Game seed: 16649042102171436847

75 zeratav the Stinger (level 4, -4/27 HPs)
             Began as an Octopode Venom Mage on July 13, 2022.
             Slain by an iguana (14 damage)
             ... on level 2 of the Dungeon.
             The game lasted 00:01:40 (2382 turns).

zeratav the Stinger (Octopode Venom Mage)           Turns: 2382, Time: 00:01:41

Health: -4/27      AC:  1    Str:  7    XL:     4   Next: 31%
Magic:  1/7        EV: 13    Int: 19    God:
Gold:   93         SH:  0    Dex: 12    Spells: 6/7 levels left

rFire   . . .      SeeInvis .   g - +0 dagger {short}
rCold   . . .      Faith    .   (no shield)
rNeg    . . .      Spirit   .   (helmet restricted)
rPois   .          Reflect  .   (no amulet)
rElec   .          Harm     .   (no ring)
rCorr   .          Rampage  .   (no ring)
Will    .....                   (no ring)
Stlth   ++++......              (no ring)
HPRegen 0.09/turn               (no ring)
MPRegen 0.10/turn               (no ring)
                                (no ring)
                                (no ring)

@: no status effects
A: almost no armour, amphibious, 8 rings, camouflage 1, gelatinous body 1,
(nimble swimmer 1), tentacles
a: no special abilities


You were on level 2 of the Dungeon.
You visited 1 branch of the dungeon, and saw 3 of its levels.

You collected 93 gold pieces.


Innate Abilities, Weirdness & Mutations

You cannot wear most types of armour.
You are amphibious.
You can wear up to eight rings at the same time.
Your skin changes colour to match your surroundings (Stealth+).
Your rubbery body absorbs attacks. (AC +1, EV +1)
((You are camouflaged when in or above water. (Stealth+)))
You have tentacles for arms and can constrict up to eight enemies at once.


   Skills:
 - Level 2.0 Dodging
 + Level 4.8 Stealth
 - Level 2.0 Spellcasting
 - Level 1.0 Transmutations
 + Level 5.0 Poison Magic


You had 6 spell levels left.
You knew the following spells:

 Your Spells              Type           Power      Damage    Failure   Level
a - Sting                 Tmut/Pois      52%        1d5       4%          1

Your spell library contained the following spells:

 Spells                   Type           Power      Damage    Failure   Level
 Poisonous Vapours        Pois/Air       22%        N/A       9%          2
 Olgreb's Toxic Radiance  Pois           20%        N/A       22%         4
 Mephitic Cloud           Conj/Pois/Air  8%         N/A       26%         3

Inventory:

Hand Weapons
 g - a +0 dagger (weapon) {short}
   (You took it off a goblin on level 1 of the Dungeon)
 k - a +0 sling of flaming
   (You found it on level 2 of the Dungeon)
Jewellery
 j - a ring of ice
   (You found it on level 2 of the Dungeon)
Scrolls
 b - 2 scrolls of teleportation {unknown}
 c - a scroll of blinking {unknown}
 f - 4 scrolls of identify {unknown}
 i - a scroll of immolation {unknown}
Potions
 a - a potion of magic
 d - a potion of curing {@q1}
 e - a potion of lignification {unknown}
 h - a potion of ambrosia {unknown}

Dungeon Overview and Level Annotations

Branches:
Dungeon (3/15) Zot: 15617

Altars:

###########.#.#.#..)..#.#.
#.......<...#.#.####..#.#.
#.#####.#####.#.......#...
#####.## #............##.####
#......# #...............# #.
#......# #..#.........#..# #.
#......####...........##..# #.
#.........##.###.####.##..###.
#....)..#.#..@o...............
#.......#.##l.#######.##.###..
#####...#.##....#####.##.#....
###.รท.#.###.................
#.......# ###.......##.#....
#.#####.# #......####.....#
#.###########.###.# #.....#
#...............#.# #.....#
#############...#.# #......


You could see an iguana (very poisoned) and an orc.


Message History

* * * LOW HITPOINT WARNING * * *
HP[-3] MP[-1]
You take 3 damage, and now have 4/21 hp.
You lost 1 mp, and now have 3/6 mp.
Casting: Sting (safe; 5% risk of failure)
Confirm with . or Enter, or press ? or * to list all spells.
Aiming: Sting (safe; 5% risk of failure)
Press: ? - help, Shift-Dir - straight line, f/p - Natasha
Aim: Natasha (almost dead, constricted by you, very poisoned, 94% to hit)
The sting hits Natasha.
Natasha looks as sick as possible!
You constrict Natasha.
You kill Natasha!
Natasha screams in fury as she dies!
You have reached level 4!
HP[+1] MP[-1]
You now have 27 max hp (+6).
You see here the felid skeleton of Natasha.
Found a stone staircase leading up.
HP[+22] MP[+5]
Your hp is fully restored (27).
Your mp is fully restored (7).
There is a stone staircase leading up here.
k - a +0 sling of flaming Done exploring.
Done exploring.
(D) Dungeon
Where to? (Enter - D:2, ? - help)
There is a stone staircase leading down here.
You climb downwards.
The orc shouts!
There is a stone staircase leading up here.
There are monsters nearby!
The sting hits the orc.
The orc is poisoned.
The orc wizard shouts!
The orc shouts!
The orc barely misses you.
MP[-1]
You lost 1 mp, and now have 6/7 mp.
The sting hits the orc.
The orc looks even sicker.
You kill the orc!
Your Poison Magic skill increases to level 5!
MP[-1]
You lost 1 mp, and now have 5/7 mp.
The orc closely misses you. The iguana bites you.
You climb upwards.
There is a stone staircase leading down here.
HP[-2]
You take 2 damage, and now have 25/27 hp.
Casting: Sting (safe; 4% risk of failure)
Confirm with . or Enter, or press ? or * to list all spells.
Aiming: Sting (safe; 4% risk of failure)
Press: ? - help, Shift-Dir - straight line, f - iguana
Aim: an iguana (75% to hit)
The sting hits the iguana but does no damage.
The iguana is poisoned.
The iguana misses you. The orc closely misses you.
MP[-1]
You lost 1 mp, and now have 4/7 mp.
Casting: Sting (safe; 4% risk of failure)
Confirm with . or Enter, or press ? or * to list all spells.
Aiming: Sting (safe; 4% risk of failure)
Press: ? - help, Shift-Dir - straight line, p - iguana You can't see that place. [a rock wall.]
Okay, then.
Casting: Sting (safe; 4% risk of failure)
Confirm with . or Enter, or press ? or * to list all spells.
Aiming: Sting (safe; 4% risk of failure)
Press: ? - help, Shift-Dir - straight line, p - iguana You can't see that place. [a rock wall.]
Okay, then.
Casting: Sting (safe; 4% risk of failure)
Confirm with . or Enter, or press ? or * to list all spells.
Aiming: Sting (safe; 4% risk of failure)
Press: ? - help, Shift-Dir - straight line, f/p - iguana
Aim: an iguana (lightly wounded, poisoned, 75% to hit)
The sting hits the iguana.
The iguana looks even sicker.
The iguana bites you!
Ouch! That really hurt!
* * * LOW HITPOINT WARNING * * *
The orc misses you.
HP[-15] MP[-1]
You take 15 damage, and now have 10/27 hp.
MASSIVE DAMAGE!! (PAUSE)
You lost 1 mp, and now have 3/7 mp.
Casting: Sting (safe; 4% risk of failure)
Confirm with . or Enter, or press ? or * to list all spells.
Aiming: Sting (safe; 4% risk of failure)
Press: ? - help, Shift-Dir - straight line, f/p - iguana
Aim: an iguana (lightly wounded, very poisoned, 75% to hit)
The sting misses the iguana.
The orc barely misses you. The iguana barely misses you.
MP[-1]
You lost 1 mp, and now have 2/7 mp.
Casting: Sting (safe; 4% risk of failure)
Confirm with . or Enter, or press ? or * to list all spells.
Aiming: Sting (safe; 4% risk of failure)
Press: ? - help, Shift-Dir - straight line, f/p - iguana
Aim: an iguana (lightly wounded, very poisoned, 75% to hit)
The sting hits the iguana but does no damage.
The iguana looks even sicker.
The iguana bites you!
Ouch! That really hurt!
You die...

Skill      XL: |  1  2  3  4 |
---------------+-------------+-----
Stealth        | 3 4 |  4.8
Poison Magic   | 4 5 |  5.0
Dodging        | |  2.0
Spellcasting   | |  2.0
Transmutations | |  1.0

Action                   |  1- 3 |  4- 6 || total
-------------------------+-------+-------++-------
Melee: Dagger            |    31 |       ||    31
       Constrict         |    10 |       ||    10
       Tentacles         |     7 |       ||     7
 Cast: Sting             |    43 |     6 ||    49
  Use: Potion            |     1 |       ||     1
 Stab: Sleeping          |     7 |       ||     7
Armor: Skin              |     2 |       ||     2
Dodge: Dodged            |    28 |     7 ||    35

Levels and vault maps discovered:
D:1:      kennysheep_arrival_seaside, layout_basic,
          hellmonk_ecumenical_altar_zigzags, roderic_roman_lattice
D:2:      layout_basic, uniq_natasha
D:3:      layout_loops_corners, minmay_misc_feat_five

Notes
Turn   | Place    | Note
-------+----------+-------------------------------------------
     0 | D:1      | zeratav the Octopode Venom Mage began the quest for the
                  | Orb.
     0 | D:1      | Reached XP level 1. HP: 11/11 MP: 3/3
     0 | D:1      | magus.rc [v1.9.6]
   145 | D:1      | Reached skill level 3 in Stealth
   157 | D:1      | Found a faded altar of an unknown god.
   248 | D:1      | Reached skill level 4 in Poison Magic
   248 | D:1      | Reached XP level 2. HP: 17/17 MP: 5/5
   974 | D:2      | Reached skill level 4 in Stealth
   974 | D:2      | Reached XP level 3. HP: 15/21 MP: 2/6
  2071 | D:2      | Noticed Natasha
  2077 | D:2      | HP: 4/21 [Natasha (3)]
  2078 | D:2      | Killed Natasha
  2079 | D:2      | Reached XP level 4. HP: 5/27 MP: 2/7
  2377 | D:3      | Reached skill level 5 in Poison Magic
  2382 | D:2      | Slain by an iguana

Vanquished Creatures
  Natasha (D:2)
  An adder (D:2)
  2 worms (D:2)
  An orc (D:3)
  2 ball pythons
  4 endoplasms
  A giant cockroach (D:1)
  5 goblins
  3 hobgoblins
  3 jackals (D:2)
  3 kobolds
  2 bats
  4 frilled lizards
  2 rats (D:2)
34 creatures vanquished.

Table legend:
 A = Non-vault XP
 B = Vault XP
 C = Vault XP percentage of total XP
 D = Non-vault monster count
 E = Vault monster count
 F = Vault count percentage of total count
                 A         B        C        D         E       F
            +---------+---------+-------+---------+---------+-------
      Total |      73 |      35 |  32.4 |      33 |       1 |   2.9
            +---------+---------+-------+---------+---------+-------
        D:1 |      20 |       0 |   0.0 |      12 |       0 |   0.0
        D:2 |      50 |      35 |  41.2 |      20 |       1 |   4.8
        D:3 |       3 |       0 |   0.0 |       1 |       0 |   0.0
            +---------+---------+-------+---------+---------+-------

Illustrated notes

Table legend:
 A = Kills in this place as a percentage of kills in entire the game.
 B = Kills by you in this place as a percentage of kills by you in the entire game.
 C = Kills by friends in this place as a percentage of kills by friends in the entire game.
 D = Other kills in this place as a percentage of other kills in the entire game.
 E = Experience gained in this place as a percentage of experience gained in the entire game.
 F = Experience gained in this place divided by the number of levels of this place that you have seen.
                   A       B       C       D       E      F
               +-------+-------+-------+-------+-------+----------------------
         Total | 100.0 | 100.0 |   N/A |   N/A | 100.0 |  36.0
       Dungeon | 100.0 | 100.0 |   N/A |   N/A | 100.0 |  36.0
               +-------+-------+-------+-------+-------+----------------------

Table legend: (Time is in decaauts)
 A = Elapsed time spent in this place.
 B = Non-inter-level travel time spent in this place.
 C = Inter-level travel time spent in this place.
 D = Time resting spent in this place.
 E = Time spent auto-exploring this place.
 F = Levels seen in this place.
 G = Mean time per level.
                   A        B        C        D        E       F      G
               +--------+--------+--------+--------+--------+-----+--------+
         Total |   2381 |   2334 |     47 |      0 |   2125 |   3 |  793.7 |
       Dungeon |   2381 |   2334 |     47 |      0 |   2125 |   3 |  793.7 |
               +--------+--------+--------+--------+--------+-----+--------+

Top non-repeatable levels by time:
     D:2: 1481 daAuts
     D:1: 896 daAuts
     D:3: 3 daAuts
